← All builds
Beach sea / Cortex / Economy first / OBSERVED BUILD

Standard beach sea

The role's usual play: com goes to sea to build a shipyard around 2 minutes, pumping frigates and destroyers to contest enemy sea entry or hold vision, with an advanced metal extractor around 10 minutes as the transition into the team's…

Usually shipyard first (94%)

#naval #eco · 772 distinct matches · 104 players · 84% of Cortex Beach sea games · team won 55% of 835 · Recently observed

HOW TO PLAY IT

Key timing: Shipyard by 1:57

  1. Open 3 mex and wind while com heads straight to sea.
  2. Drop Shipyard fast, before 2:00, to seize early sea presence.
  3. Push "frigate" out to contest enemy sea entry or hold vision.
  4. Add "destroyer" as the fleet grows.
  5. Transition into Advanced Metal Extractor to catch up on eco.

Phase by phase

TYPICAL OF ITS 772 GAMES
  1. 1
  2. 2
  3. 3
PLAY THE OPENING

Follow the example game's first 6:00 step by step: what to build now, what comes next, and where it goes. At 1× it keeps pace with your own game.

  1. 1

    Up to the Shipyard

    Economy
    • Metal Extractor3Mex
    • Wind Turbine3Windfor allies
    • Wind Turbine2Wind
    • Energy Storage1Energy storage
    Order
    1. ShipyardShipyard after 3 mex, 2 wind, 1 energy storagedone ~1:57, middle half 1:45–2:08

    By 1:41 in all: 3 mex · 2 wind · 1 energy storage

    The example game in this phase · 7 steps
    1. Mex ×3
    2. Solar
    3. GuardGuard
    4. Wind ×2for Air
    5. Mex
    6. Tidal
    7. ShipyardShipyarddone 2:29 · typical 1:57
  2. 2

    Shipyard to 5:00

    Economy
    • Metal Extractor5Mex
    • Tidal Generator2Tidal
    Builders
    • Construction Ship2 Con ship
    Army
    • Riptide2 Frigate
    • Herring1 Missile corvette
    • Oppressor1 Destroyer
    Other
    • Naval Radar / Sonar Tower1 Naval Radar / Sonar Tower

    Some games also: Urchin (43%) · wind (40%) · submarine (39%) · gunboat (35%) · con turret (35%)

    By 5:00 in all: 8 mex · 3 wind · 2 tidal · 1 energy storage

    The example game in this phase · 13 steps
    1. Tidal
    2. Construction ShipCon ship ×3
    3. Mexfor Air
    4. RiptideFrigatedone 3:39 · typical 3:52
    5. Mex
    6. RiptideFrigate
    7. Naval Radar / Sonar TowerNaval Radar / Sonar Tower
    8. Mex
    9. Tidal
    10. OppressorDestroyerdone 5:14 · typical 5:08
    11. Mex
    12. Tidal
    13. Wind ×2
  3. 3

    5:00 to 10:00

    Economy
    • Metal Extractor1Mex
    • Wind Turbine10Wind
    Builders
    • Death Cavalry1 Death Cavalry
    • Construction Ship1 Con ship
    Army
    • Riptide5 Frigate
    • Oppressor2 Destroyer
    • Herring2 Missile corvette
    Other
    • Naval Radar / Sonar Tower1 Naval Radar / Sonar Tower

    Some games also: Urchin (50%) · Naval Construction Turret (48%) · Guard (47%) · Radar Tower (41%) · tidal (38%)

    By 10:00 in all: 9 mex · 12 wind · 4 wind · 4 tidal · 1 energy storage · 1 Naval Construction Turret

    The example game in this phase · 65 steps
    1. RiptideFrigate
    2. Wind
    3. RiptideFrigate
    4. Converter
    5. Mex
    6. OppressorDestroyer
    7. Mex
    8. Wind
    9. Converter
    10. GuardGuard
    11. Wind
    12. GuardGuard ×2
    13. Wind
    14. RiptideFrigate ×2
    15. GuardGuard
    16. Wind
    17. HerringMissile corvette
    18. GuardGuard
    19. Advanced Metal ExtractorT2 mexdone 9:45 · typical 9:57
    20. RiptideFrigate
    21. ThistleThistle
    22. Wind
    23. Radar TowerRadar Tower
    24. Death CavalryDeath Cavalry
    25. GuardGuard
    26. Wind
    27. GuardGuard
    28. HerringMissile corvette
    29. OppressorDestroyer
    30. Wind
    31. GuardGuard
    32. Wind
    33. OppressorDestroyer
    34. Advanced Metal ExtractorT2 mex
    35. Wind ×2
    36. OppressorDestroyer
    37. Wind ×8
    38. OppressorDestroyer
    39. Wind ×6
    40. OppressorDestroyer
    41. Wind ×2
    42. OppressorDestroyer
    43. Wind
    44. OppressorDestroyer ×6
    45. Advanced Metal ExtractorT2 mex
    46. Converter
    47. Wind
    48. Converter
    49. Wind
    50. Converter ×2
    51. Bot LabBot Labdone 13:44
    52. Converter ×6
    53. Construction BotCon bot
    54. Advanced Metal ExtractorT2 mex
    55. Converter
    56. Construction BotCon bot
    57. Converter ×2
    58. Construction BotCon bot
    59. Converter
    60. Construction BotCon bot
    61. Wind
    62. Construction BotCon bot
    63. Wind ×2
    64. Construction BotCon bot
    65. Wind ×2

Counts are medians over the build's games: half of them build more, half fewer. The example game is DoctorPinguins's (38 OS, 26/09/2026); pick another.

Team trades

IN AT LEAST 30% OF ITS GAMES

You hand over

  • Wind Turbine3 Wind to Airfirst at 1:53 · in 78% of games

You get

  • Finch1 Finch from Airfirst at 1:58 · in 82% of games
  • Lazarus1 Lazarus from Geofirst at 2:14 · in 61% of games
  • Hephaestus1 Heavy transport from Airfirst at 2:16 · in 69% of games
  • Construction Bot1 Con bot from Geofirst at 2:28 · in 69% of games
  • Hercules1 Light transport from Airfirst at 2:35 · in 32% of games
  • Advanced Construction Bot1 T2 con bot from Techfirst at 8:09 · in 88% of games

How it plays out

Typical game of this build, running totals by minute

Metal produced

010k20k30k
0:005:0010:0015:00

metal

Enemy metal destroyed

05k10k
0:005:0010:0015:00

metal

Own metal lost

02.5k5k7.5k
0:005:0010:0015:00

metal

835 games.

Show as table
ByMetal produced: This buildEnemy metal destroyed: This buildOwn metal lost: This build
1:0040300
2:0093700
3:00156500
4:002523050
5:003700197100
6:005029535251
7:0064741100590
8:00807018551041
9:00967728731621
10:001159240072365
11:001380852273102
12:001636062233842
13:001911472554615
14:002195382755711
15:002492992656526
WHAT THE NUMBERS SAY

Standard Beach sea wins more than Geo sea's 50% and gets its Shipyard up faster, using early sea access before falling behind on land resources.

  • + Shipyard finishes by 1:57, faster than Geo sea's 3:18
  • + 54% team win rate beats the Cortex geo sea baseline
  • − Metal produced trails Geo sea's Cortex build, 24356 vs 28451 by 15:00
  • − T2 factory only lands in 35% of games by 12:42
THE EXAMPLE YOU ARE READING

DoctorPinguins

38.5 OS · 26/09/2026

Open source match ↗

6 received units · includes a constructor
79 metal received · 31826 energy received

Allied construction assistance is unknown. Timings are observations, not a promise of solo reproducibility.

Typical milestones

Shipyard1:57Middle 50%: 1:45–2:08 · n=833
Riptide3:52Middle 50%: 3:16–4:34 · n=826
Oppressor5:08Middle 50%: 4:12–6:06 · n=807
Advanced Metal Extractor9:57Middle 50%: 9:15–10:53 · n=708

Played most by

EpicTyrannus78games of this buildDamsko66games of this buildWaboum64games of this buildPRO_HYDRA57games of this buildMrCoolPotato51games of this build